[Event "*** Titled Tuesday Blitz"]
[Site "Chess.com"]
[Date "2021.02.02"]
[Round "1"]
[White "vovachesss"]
[Black "Demeter39"]
[Result "1-0"]
[WhiteElo "2746"]
[BlackElo "2393"]
[TimeControl "180+1"]
[EndTime "10:07:35 PST"]
[Termination "vovachesss won by resignation"]

1. d4 Nf6 2. Bf4 d5 3. e3 e6 4. Nf3 Bd6 5. Bg3 O-O 6. Bd3 c5 7. c3 Qc7 8. dxc5 Qxc5 9. Nbd2 h6 10. Qe2 Bxg3 11. hxg3 Nc6 12. e4 e5 13. exd5 Qxd5 14.
Ne4 Nxe4 15. Bxe4 Qc5 16. O-O Bg4 17. Rfe1 Rae8 18. Rad1 f5 19. Bxc6 Qxc6 20. Qe3 Qa6 21. Rd2 e4 22. Nd4 Qxa2 23. Nb5 a6 24. Nd6 Re7 25. f3 Bh5 26. g4 fxg4 27. fxg4 Bxg4 28. Nxe4 Bf5 29. Nf6+ Rxf6 30. Qxe7 Qb3 31. Qe8+ Kh7 32. Qe5 Qb6+ 33. Qd4 Qc7 34. Rf1 b5 35. Rdf2 Qf7 36. Qe5 g6 37. g4 Re6 38. Qg3 Qe7 39. gxf5 Re3 40. fxg6+ Kh8 41. Rf8+ Kg7 42. R1f7+ Qxf7 43. Rxf7+ Kg8 44. Qxe3 1-0

[Event "*** Titled Tuesday Blitz"]
[Site "Chess.com"]
[Date "2021.02.02"]
[Round "1"]
[White "IMJonathanCarlstedt"]
[Black "Sanan_Sjugirov"]
[Result "1-0"]
[WhiteElo "2487"]
[BlackElo "2891"]
[TimeControl "180+1"]
[EndTime "10:07:36 PST"]
[Termination "IMJonathanCarlstedt won on time"]

1. d4 Nf6 2. Bf4 g6 3. Nc3 d5 4. e3 Bg7 5. Be2 a6 6. h4 h5 7. Nf3 Bg4 8. Ne5 Bxe2 9. Nxe2 Nbd7 10. Rc1 c5 11. c3 Rc8 12. O-O O-O 13. Qb3 b5 14.
Nxd7 Qxd7 15. f3 Qc6 16. Be5 Bh6 17. Nf4 Rfd8 18. Rcd1 c4 19. Qa3 Bf8 20. Qa5 Nd7 21. e4 Nxe5 22. dxe5 e6 23. exd5 exd5 24. Ne2 Bc5+ 25.
Nd4 Qb7 26. f4 Bb6 27. Qb4 a5 28. Qa3 Bc5 29. b4 axb4 30. cxb4 Bxd4+ 31. Rxd4 c3 32. Kh2 Qb6 33. Rdd1 d4 34. f5 c2 35. Rc1 d3 36. e6 Qd6+ 37. g3 fxe6 38. fxg6 Rf8 39. Rxf8+ Rxf8 40. Qa7 Rf2+ 41. Kh3 1-0

[Event "*** Titled Tuesday Blitz"]
[Site "Chess.com"]
[Date "2021.02.02"]
[Round "1"]
[White "Chessmasterzt"]
[Black "northridgehawk"]
[Result "1-0"]
[WhiteElo "2618"]
[BlackElo "2318"]
[TimeControl "180+1"]
[EndTime "10:07:36 PST"]
[Termination "Chessmasterzt won by resignation"]

1. d4 Nf6 2. c4 g6 3. Nc3 d5 4.
Nf3 Bg7 5. Bg5 dxc4 6. e4 c5 7. d5 b5 8. e5 b4 9. exf6 exf6 10. Bd2 bxc3 11. Bxc3 O-O 12. Bxc4 Re8+ 13. Kf1 Nd7 14. Bb5 Rb8 15. a4 Bb7 16. h4 Qc7 17. h5 Qd6 18.
h6 Bh8 19. Qd2 a6 20. Bxd7 Qxd7 21. Rd1 Qxa4 22. Rh4 Qb5+ 23. Kg1 Rbd8 24. d6 Re6 25. Qf4 Qc6 26. Qc4 Rexd6 27. Re1 Qd5 28. Qa4 Qc6 29. Qc4 Qb5 30. Nd2 Bd5 31. Qf4 Re6 32.
Rxe6 Bxe6 33. Qe3 Qd7 34. Ne4 Qd1+ 35. Kh2 Qd3 36. Qf4 f5 37. Nf6+ Bxf6 38. Bxf6 Re8 39. Qg5 Qd6+ 40. Kg1 Qd1+ 41. Kh2 Qd6+ 42. Rf4 Bd5 43.
Bc3 Re4 44. g3 Rxf4 45. gxf4 f6 46. Bxf6 Kf7 47. Be5 Bc6 48. Bxd6 1-0

[Event "*** Titled Tuesday Blitz"]
[Site "Chess.com"]
[Date "2021.02.02"]
[Round "1"]
[White "tk22h"]
[Black "Tartody"]
[Result "0-1"]
[WhiteElo "2340"]
[BlackElo "2636"]
[TimeControl "180+1"]
[EndTime "10:07:37 PST"]
[Termination "Tartody won on time"]

1. c4 e6 2. Nf3 g5 3. d4 h6 4. Nc3 Bg7 5. e3 d6 6. Be2 Ne7 7. Qc2 b6 8. b3 Bb7 9. Bb2 g4 10.
Nh4 Bf6 11. Ne4 Bxh4 12. d5 e5 13. g3 Bg5 14. Bxg4 f5 15. Bh5+ Kd7 16. f4 fxe4 17. Qxe4 Qf8 18. fxg5 hxg5 19. Bg4+ Kd8 20. Rf1 Qg7 21.
O-O-O Nd7 22. Bxd7 Kxd7 23. Qg4+ Kd8 24. Rf2 Bc8 25. Qe4 Qg6 26. Qxg6 Nxg6 27. Rf6 Ne7 28. Rdf1 Bh3 29. R1f2 Kd7 30. Rf7 Rag8 31. e4 Rg6 32.
Kc2 Rgh6 33. Bc1 Rg8 34. Be3 Rh5 35. b4 a5 36. c5 bxc5 37. bxc5 Ke8 38. cxd6 cxd6 39.
R7f6 Bd7 40. Rxd6 Ba4+ 41. Kd2 Rf8 42. Rxf8+ Kxf8 43. Ra6 Rxh2+ 44. Kc3 Rc2+ 0-1

[Event "*** Titled Tuesday Blitz"]
[Site "Chess.com"]
[Date "2021.02.02"]
[Round "1"]
[White "MartinMatthiesen"]
[Black "albi1999"]
[Result "0-1"]
[WhiteElo "2329"]
[BlackElo "2629"]
[TimeControl "180+1"]
[EndTime "10:07:37 PST"]
[Termination "albi1999 won on time"]

1. d4 d5 2. c4 e6 3. Nf3 c6 4. e3 f5 5. Bd3 Bd6 6. O-O Nf6 7. b3 Qe7 8. Bb2 O-O 9. Qc1 b6 10. Ba3 c5 11. Nc3 Nbd7 12. Nb5 Bb8 13. cxd5 exd5 14. Bxf5 Ne4 15. Bh3 Ba6 16. Nc3 Bxf1 17. Kxf1 Ndf6 18. dxc5 bxc5 19. Qc2 Be5 20. Nxd5 Nxd5 21. Qxe4 Bxa1 22. Qxd5+ Kh8 23. Bxc5 Qd8 24. Bd7 Rf6 25. Be7 Qxe7 26. Qxa8+ Rf8 27. Qc6 h6 28. g3 Qf6 29. Kg2 Qe7 30.
Nh4 Rf6 31. Qa8+ Kh7 32. Bf5+ g6 33. Bd3 Kg7 34. Qd5 Be5 35. f4 Bc7 36. e4 Rd6 37. Qc4 Bb6 38. e5 Rd4 0-1

[Event "*** Titled Tuesday Blitz"]
[Site "Chess.com"]
[Date "2021.02.02"]
[Round "1"]
[White "sergoy"]
[Black "MattyDPerrine"]
[Result "1-0"]
[WhiteElo "2875"]
[BlackElo "2451"]
[TimeControl "180+1"]
[EndTime "10:07:38 PST"]
[Termination "sergoy won on time"]

1. d4 Nf6 2. c4 c5 3. d5 b5 4. cxb5 a6 5. bxa6 g6 6. Nc3 Bxa6 7. e4 Qa5 8. Bd2 Bxf1 9. Kxf1 d6 10. Nf3 Qa6+ 11. Qe2 Qxe2+ 12. Kxe2 Bg7 13. a3 O-O 14. e5 dxe5 15. Nxe5 Rd8 16. Nc4 Nxd5 17. Nxd5 Rxd5 18. Rhd1 Nc6 19. Be3 Nd4+ 20. Kf1 Rb8 21. a4 Rb4 22. Bxd4 cxd4 23. Nd2 d3 24. a5 Bxb2 25. Ra2 Bd4 26. a6 Ba7 27. Rc1 Rd7 28. g3 f6 29. Rc3 Kf7 30. Ke1 Rb6 31. Raa3 Re6+ 32. Kf1 Red6 33. h4 h5 34. f3 Rd5 35.
g4 hxg4 36. fxg4 Rd4 37. h5 gxh5 38. gxh5 Kg7 39. Ra5 Rf4+ 40. Ke1 Rd6 41. Rc7 Re6+ 42. Kd1 Bf2 43. Kc1 1-0

[Event "*** Titled Tuesday Blitz"]
[Site "Chess.com"]
[Date "2021.02.02"]
[Round "1"]
[White "Zmof"]
[Black "Balla_Tamas"]
[Result "1/2-1/2"]
[WhiteElo "2094"]
[BlackElo "2494"]
[TimeControl "180+1"]
[EndTime "10:07:38 PST"]
[Termination "Game drawn - insufficient material"]

1. e4 g6 2. Nf3 Bg7 3. d4 d6 4. c3 Bg4 5. Bd3 c6 6. h3 Bxf3 7. Qxf3 Qc7 8. O-O Nd7 9. Qe2 e5 10. Be3 Ne7 11. Nd2 O-O 12. f4 f5 13. exf5 exd4 14. Bxd4 Bxd4+ 15. cxd4 Nxf5 16. Bxf5 Rxf5 17.
Qe6+ Kh8 18. Ne4 d5 19. Ng5 Nf8 20. Qe3 Qd6 21. Rae1 h6 22. g4 Rf6 23. Nf3 Qxf4 24.
Ne5 Qxe3+ 25. Rxe3 Rxf1+ 26. Kxf1 Kg8 27. Rf3 Ne6 28. Rf7 Rf8 29. Rxf8+ Kxf8 30. Nxg6+ Kg7 31. Nh4 Nxd4 32. Kf2 Kf6 33. Ke3 Ne6 34. Nf5 h5 35. Nd6 hxg4 36. hxg4 b6 37. b4 Ke5 38. Nf7+ Kf6 39.
Nd6 c5 40. bxc5 bxc5 41. a4 Kg5 42. Nc8 Kxg4 43. Nxa7 c4 44. Nb5 Kf5 45. a5 Nc5 46. Kd4 Na6 47. Kxd5 Kf6 48. Kxc4 Ke7 49. Kd5 Kd7 50.
Nd4 Kc7 51. Nc6 Kb7 52. Kd6 Nc7 53. Kc5 Na6+ 54. Kb5 Nc7+ 55. Ka4 Kxc6 56. a6 Nxa6 1/2-1/2

[Event "*** Titled Tuesday Blitz"]
[Site "Chess.com"]
[Date "2021.02.02"]
[Round "1"]
[White "ApacheSVD"]
[Black "superchess02"]
[Result "1-0"]
[WhiteElo "2436"]
[BlackElo "2797"]
[TimeControl "180+1"]
[EndTime "10:07:39 PST"]
[Termination "ApacheSVD won by resignation"]

1. e4 d5 2. exd5 Nf6 3. d4 c6 4. dxc6 Nxc6 5. Nf3 Bg4 6. c3 e5 7. Be2 exd4 8. Nxd4 Nxd4 9. Qxd4 Qxd4 10. cxd4 Bb4+ 11. Bd2 Bxd2+ 12. Nxd2 O-O-O 13. Bxg4+ Nxg4 14. O-O Rxd4 15. Nf3 Rd5 16. Rac1+ Kb8 17. h3 Nf6 18. Rfd1 Rhd8 19.
Rxd5 Rxd5 20. Kf1 b5 21. Ke2 Kb7 22. Ke3 Rd6 23. g3 Nd5+ 24. Ke2 b4 25. Rc4 Ra6 26.
Rd4 Kc6 27. Ne5+ Kc5 28. Rc4+ Kb5 29. Rd4 Ne7 30. Nd3 Nc6 31. Rd5+ Kc4 32. Rd7 Nd4+ 33.
Kd2 f6 34. b3+ Kb5 35. Rxd4 Rxa2+ 36. Ke3 a5 37. Rd5+ Kc6 38. Rd8 Ra3 39. Nc1 a4 40. Kd2 axb3 41. Rc8+ Kb7 42. Rc4 Ka6 43. Rxb4 Ka5 44. Rxb3 Ra1 45. Nd3 Rb1 46. Rxb1 1-0

[Event "*** Titled Tuesday Blitz"]
[Site "Chess.com"]
[Date "2021.02.02"]
[Round "1"]
[White "SGchess01"]
[Black "konradrutkowski"]
[Result "1/2-1/2"]
[WhiteElo "2793"]
[BlackElo "2425"]
[TimeControl "180+1"]
[EndTime "10:07:39 PST"]
[Termination "Game drawn by agreement"]

1. e4 d6 2. d4 Nf6 3. Nc3 g6 4. Nf3 Bg7 5. h3 O-O 6. Be3 a6 7.
a4 Nc6 8. a5 Re8 9. Be2 e5 10.
d5 Nd4 11. O-O Nxe2+ 12. Qxe2 Nh5 13. Nd2 Nf4 14. Qf3 g5 15. Rfe1 f5 16. exf5 Bxf5 17.
Nce4 Rf8 18. Qd1 h6 19. c4 Qd7 20. Ra3 Rf7 21. f3 Bxh3 22. gxh3 Qxh3 23. Bxf4 exf4 24.
Nf1 Bxb2 25. Rb3 Be5 26. Nf2 Qh4 27. Rxb7 h5 28. Nh2 Qg3+ 29. Kh1 Qxf2 30. Rg1 Rg7 31. Qd3 g4 32. fxg4 f3 33. Nxf3 Rf8 34. Nxe5 dxe5 35.
Qg3 Qe2 36. g5 Rf3 37. Rb8+ Kf7 38. g6+ Ke7 39. Re1 Rxg3 40. Rxe2 R7xg6 41. c5 Rh3+ 42. Rh2 Rc3 43. Rxh5 Rxc5 44. Rxe5+ Kd6 45. Rbe8 Rxd5 46. Rxd5+ Kxd5 47. Ra8 Kc5 48. Rb8 Rg3 49. Rb7 c6 50. Rb6 Ra3 51. Rxa6 Kb5 52. Rb6+ Kxa5 53. Rxc6 Kb5 54.
Rg6 Kc5 55. Rg5+ 1/2-1/2

[Event "*** Titled Tuesday Blitz"]
[Site "Chess.com"]
[Date "2021.02.02"]
[Round "1"]
[White "MagzyPotato"]
[Black "wnstop"]
[Result "0-1"]
[WhiteElo "2390"]
[BlackElo "2742"]
[TimeControl "180+1"]
[EndTime "10:07:39 PST"]
[Termination "wnstop won by resignation"]

1. d4 Nf6 2. c4 g6 3. Nc3 Bg7 4. e4 d6 5. Nf3 O-O 6. Be2 Na6 7.
O-O e5 8. Re1 Bg4 9. d5 Nc5 10.
Qc2 a5 11. Be3 b6 12. h3 Bd7 13. Qd2 Nfxe4 14. Nxe4 Nxe4 15. Qc2 f5 16. Rad1 Nc5 17.
Bg5 Qe8 18. Bf1 Qf7 19. b3 h6 20. Bc1 g5 21. a3 a4 22. b4 Nb3 23. Bb2 Rae8 24. Nd2 Nxd2 25. Rxd2 e4 26. c5 Bxb2 27. Qxb2 f4 28. cxd6 cxd6 29. Qd4 e3 30. Rde2 f3 31.
gxf3 Qxf3 32. fxe3 Qg3+ 33. Bg2 Bxh3 34. Rc1 Rf4 35.
Qb2 Bxg2 36. Rxg2 Qxe3+ 37. Kh1 Rh4+ 38. Rh2 Rxh2+ 39. Kxh2 Qf4+ 40. Kg1 Qg4+ 41. Qg2 Qxg2+ 42. Kxg2 Re5 43. Rc6 Rxd5 44. Rxb6 Kg7 45. Ra6 Kg6 46. Rxa4 h5 47. Ra8 h4 48. a4 Kf5 49. a5 Rd2+ 50. Kf1 h3 51. Rh8 g4 52. a6 Ra2 53. b5 Kf4 54. b6 Rxa6 55. b7 Ra1+ 56. Ke2 Rb1 57. b8=Q Rxb8 58. Rxb8 Kg3 59. Rh8 Kg2 60. Rd8 h2 61.
Rxd6 h1=Q 62. Rd2 Qh6 63. Kd3+ Qxd2+ 64. Kxd2 Kf2 65. Kd3 g3 66. Kd4 g2 67. Ke5 g1=Q 68.
Ke4 Qe1+ 69. Kd5 0-1

[Event "*** Titled Tuesday Blitz"]
[Site "Chess.com"]
[Date "2021.02.02"]
[Round "1"]
[White "vinniethepooh"]
[Black "benko_008"]
[Result "1-0"]
[WhiteElo "2732"]
[BlackElo "2384"]
[TimeControl "180+1"]
[EndTime "10:07:39 PST"]
[Termination "vinniethepooh won by resignation"]

1. d4 d5 2. c4 e6 3. Nc3 Nf6 4. cxd5 exd5 5. Bg5 c6 6. e3 Be7 7. Bd3 Nbd7 8. Nge2 Nh5 9. Bxe7 Qxe7 10. g4 Nhf6 11. Ng3 g6 12. g5 Ng8 13. h4 Nb6 14.
Qc2 Bg4 15. Be2 Bxe2 16. Qxe2 O-O-O 17. O-O-O Qe6 18. h5 Ne7 19. Qf3 Nc4 20. Rh4 Nd6 21.
Rdh1 Rhf8 22. hxg6 hxg6 23. Nce2 Nef5 24. Rh7 Qe7 25.
Qf4 Nxg3 26. Nxg3 Nc4 27. a3 b6 28. Kb1 Kb7 29. Rc1 a5 30. Ka2 a4 31. e4 Qe6 32. e5 c5 33. Ne2 Rc8 34. Qf6 Rc7 35. Nf4 Qd7 36. dxc5 Qb5 37. e6 fxe6 38. Rxc7+ Kxc7 39.
Nxe6+ Kb7 40. Nxf8 Qb3+ 41. Ka1 Nxa3 42. Qc3 1-0

[Event "*** Titled Tuesday Blitz"]
[Site "Chess.com"]
[Date "2021.02.02"]
[Round "1"]
[White "GM4life"]
[Black "ENajer77"]
[Result "1-0"]
[WhiteElo "2363"]
[BlackElo "2637"]
[TimeControl "180+1"]
[EndTime "10:07:39 PST"]
[Termination "GM4life won by resignation"]

1. e4 c6 2. d4 d5 3. e5 Bf5 4. h4 h5 5. c4 e6 6. Nc3 Bb4 7. cxd5 cxd5 8. Bd3 Ne7 9. Bg5 Bxc3+ 10. bxc3 Qa5 11. Ne2 Nbc6 12. O-O Rc8 13. Rb1 b6 14.
Rb5 Qxa2 15. Nc1 Qa3 16. Rb3 Qa5 17. Bd2 Bxd3 18. Nxd3 Qa6 19. Nf4 g6 20. Qf3 Nf5 21. Qh3 Qc4 22. Rfb1 Nce7 23. Rb4 Qa6 24. Bc1 Rc4 25. R4b3 Ra4 26. Nd3 Kd7 27. Nb4 Qc4 28.
Nc2 Ra2 29. Nb4 Re2 30. Bg5 Rc8 31. Qf3 Re1+ 32. Kh2 Rxb1 33. Rxb1 Qxc3 34. Qe2 Qc4 35. Qb2 Qxd4 36. Qa2 Qxe5+ 37. f4 Qd6 38. Qxa7+ Rc7 39.
Qa4+ Nc6 40. Nd3 e5 41. Nxe5+ Ke6 42. Rxb6 f6 43. Nxc6 fxg5 44. Nd4+ Nxd4 45. Rxd6+ Kxd6 46. Qxd4 Rc4 47. Qe5+ Kc6 48. hxg5 Re4 49. Qf6+ Kc5 50. Qxg6 d4 51. Qxe4 1-0

[Event "*** Titled Tuesday Blitz"]
[Site "Chess.com"]
[Date "2021.02.02"]
[Round "1"]
[White "Jungle_Jaguar"]
[Black "leoduarte"]
[Result "0-1"]
[WhiteElo "2610"]
[BlackElo "2347"]
[TimeControl "180+1"]
[EndTime "10:07:39 PST"]
[Termination "leoduarte won by resignation"]

1. b3 c5 2. Bb2 Nc6 3. Nf3 d6 4. e3 Nf6 5. d4 e6 6. Be2 Be7 7. O-O O-O 8. c4 cxd4 9. exd4 d5 10. Nc3 b6 11. Rc1 Bb7 12. Ne5 dxc4 13. Nxc6 Bxc6 14.
bxc4 Rc8 15. Qb3 Ne4 16. d5 Nxc3 17. Rxc3 exd5 18. Rg3 f6 19. Rd1 Qe8 20. Bg4 Ba4 21.
Qd3 Bxd1 22. Qxd5+ Kh8 23. Bxc8 Qxc8 24. Qxd1 Qxc4 25.
Qd7 Rd8 26. Qxd8+ Bxd8 27. h3 h6 28. Re3 Kh7 29. Bc3 Qxa2 30. g3 Qb1+ 31. Kg2 Bc7 32. Re7 Be5 33. Bd2 Qe4+ 34. Kh2 a5 35. Be3 a4 36.
Ra7 b5 37. Bd4 Bxd4 38. f3 Qe2+ 39. Kh1 Qf1+ 0-1

[Event "*** Titled Tuesday Blitz"]
[Site "Chess.com"]
[Date "2021.02.02"]
[Round "1"]
[White "Snegokhod"]
[Black "salomez"]
[Result "1-0"]
[WhiteElo "2533"]
[BlackElo "2213"]
[TimeControl "180+1"]
[EndTime "10:07:39 PST"]
[Termination "Snegokhod won on time"]

1. d4 Nf6 2. c4 g6 3. Nc3 d5 4. Nf3 Bg7 5. cxd5 Nxd5 6. e4 Nxc3 7. bxc3 c5 8. Rb1 O-O 9. Be2 b6 10. O-O Bb7 11. d5 Bxc3 12. Bh6 Bg7 13. Qd2 e6 14. Rfd1 exd5 15. exd5 Nd7 16. d6 Bxh6 17. Qxh6 Qf6 18. Ng5 Qg7 19. Qh4 Rfe8 20. Bb5 Rad8 21. a4 h6 22. Nxf7 Kxf7 23. Bc4+ Kf8 24. a5 g5 25. Qg3 Qf6 26. Ba2 Kg7 27. h4 Re2 28.
Bc4 Re4 29. hxg5 Qxg5 30. Qc3+ Ne5 31. Bf1 Rg4 32. g3 Qf6 33. Rb3 Nf3+ 34. Kh1 Qxc3 35. Rxc3 Nd4+ 36. Kh2 Rxd6 37. a6 Bd5 38. f4 Be6 39.
Re1 Bd5 40. Re7+ Kf6 41. Rxa7 Rg7 42. Rxg7 Kxg7 43. g4 Rd7 44. f5 Ra7 45. Kg3 Nc6 46.
Rd3 Nb4 47. Rd2 Bc6 48. Rd6 1-0

[Event "*** Titled Tuesday Blitz"]
[Site "Chess.com"]
[Date "2021.02.02"]
[Round "1"]
[White "QuintilianoR"]
[Black "Kotofeyca"]
[Result "1-0"]
[WhiteElo "2726"]
[BlackElo "2383"]
[TimeControl "180+1"]
[EndTime "10:07:40 PST"]
[Termination "QuintilianoR won by resignation"]

1. e4 c5 2. Nf3 d6 3. d4 cxd4 4. Nxd4 Nf6 5. Nc3 a6 6. Be2 e5 7. Nb3 Be7 8. O-O O-O 9. Re1 b5 10. a4 b4 11. Nd5 Nbd7 12. Nxe7+ Qxe7 13. a5 Bb7 14. f3 d5 15. exd5 Nxd5 16. Bc4 N7f6 17.
Bg5 Qc7 18. Qe2 h6 19. Bd2 Rfc8 20. Bd3 Nf4 21. Qxe5 Nxd3 22. Qxc7 Rxc7 23. cxd3 Rd8 24. Bxb4 Rxd3 25. Nc5 Rd4 26. Bc3 Rc4 27. Nxb7 Rxb7 28.
Rad1 Nd7 29. Rd6 Nc5 30. Rc6 Rb5 31. g4 Ra4 32. h4 Nd3 33. Re8+ Kh7 34. h5 Rc5 35. Rxc5 Nxc5 36. Re7 Kg8 37. Re8+ Kh7 38. Rf8 f6 39. Rd8 Nb3 40. Rd5 Ra2 41. Rd6 Nxa5 42. Rxa6 Ra1+ 43. Kf2 Nb3 44. Rxa1 Nxa1 45. b4 Nb3 46.
Ke3 Kg8 47. Kd3 Kf7 48. Kc2 1-0

[Event "*** Titled Tuesday Blitz"]
[Site "Chess.com"]
[Date "2021.02.02"]
[Round "1"]
[White "Loy_Konstantin"]
[Black "elohunter1999"]
[Result "0-1"]
[WhiteElo "2356"]
[BlackElo "2664"]
[TimeControl "180+1"]
[EndTime "10:07:40 PST"]
[Termination "elohunter1999 won by resignation"]

1. e4 g6 2. d4 Bg7 3. Nc3 d6 4.
Nf3 Nf6 5. Bc4 Bg4 6. e5 dxe5 7. Bxf7+ Kf8 8. dxe5 Qxd1+ 9. Nxd1 Bxf3 10. exf6 exf6 11. gxf3 Kxf7 12. Bf4 Nc6 13. Ne3 Nd4 14. O-O-O Ne2+ 15. Kb1 Nxf4 16. Rd7+ Kg8 17. Rxc7 Rf8 18. Rd1 Rf7 19. Rxf7 Kxf7 20. Rd7+ Kg8 21. Rxb7 h5 22. Rxa7 Kh7 23. c4 Rd8 24. Kc2 f5 25. b4 Nd3 26. a3 Ne1+ 27.
Kc1 Nxf3 28. c5 f4 29. Nc4 Rd3 30. Nd6 Kg8 31. Nb5 Nxh2 32. c6 Be5 33. c7 Bxc7 34. Nxc7 Nf3 35. Kc2 Rd7 36. b5 h4 37. b6 h3 38. Ne6 Rd6 39. b7 Rb6 40. Ra8+ Kf7 41. b8=Q Rxb8 42. Rxb8 Kxe6 43. Rh8 h2 44. a4 g5 45. a5 Nh4 46. a6 h1=Q 47. a7 Qe4+ 48. Kd2 Qd4+ 0-1

[Event "*** Titled Tuesday Blitz"]
[Site "Chess.com"]
[Date "2021.02.02"]
[Round "1"]
[White "A-S-00"]
[Black "Kiborg95"]
[Result "0-1"]
[WhiteElo "2336"]
[BlackElo "2634"]
[TimeControl "180+1"]
[EndTime "10:07:40 PST"]
[Termination "Kiborg95 won by resignation"]

1. e4 d6 2. d4 Nf6 3. Nc3 e5 4. dxe5 dxe5 5. Qxd8+ Kxd8 6. Nf3 Bd6 7. Bg5 c6 8. O-O-O Ke7 9. Bc4 Bc7 10. Rhe1 Nd7 11. Be3 b5 12. Bb3 Bb6 13. Bxb6 axb6 14. a3 h6 15. Kb1 Re8 16. Ne2 g6 17. Nd2 Nc5 18. f4 Ng4 19. fxe5 Nxe5 20. Nd4 Bg4 21. N2f3 Bxf3 22.
gxf3 Nxb3 23. cxb3 Rad8 24. Rf1 Rd6 25. f4 Red8 26.
Nf5+ gxf5 27. Rxd6 Kxd6 28. fxe5+ Kxe5 29. Rxf5+ Kxe4 30. Rxf7 Rd1+ 31. Ka2 Rd6 32. a4 b4 33. Rb7 c5 34. Re7+ Kd5 35. Rh7 Rg6 36. h4 Ke5 37.
Rh8 Kf5 38. Rc8 Kg4 39. a5 bxa5 40. Rxc5 Kxh4 41. Rxa5 h5 42. Rb5 Rg4 43. Rb7 Kg3 44. Rh7 h4 45. Kb1 h3 46. Kc2 Kg2 47. Kd3 h2 48. Kc2 h1=Q 49. Rxh1 Kxh1 0-1

[Event "*** Titled Tuesday Blitz"]
[Site "Chess.com"]
[Date "2021.02.02"]
[Round "1"]
[White "Arseniy_Nesterov"]
[Black "federicosellitti"]
[Result "1-0"]
[WhiteElo "2807"]
[BlackElo "2416"]
[TimeControl "180+1"]
[EndTime "10:07:41 PST"]
[Termination "Arseniy_Nesterov won by resignation"]

1. d4 d5 2. c4 Nc6 3. cxd5 Qxd5 4. Nf3 e5 5. Nc3 Bb4 6. e3 exd4 7. exd4 Nf6 8. Be2 Bg4 9. O-O Bxc3 10. bxc3 O-O 11.
h3 Bh5 12. c4 Qd6 13. Be3 Rfe8 14. Re1 Rad8 15. d5 Ne7 16. Qd2 b6 17. Bf4 Qd7 18.
Ne5 Qf5 19. g4 Bxg4 20. hxg4 Qc8 21. Bf3 Ng6 22. Nxg6 hxg6 23. Rxe8+ Rxe8 24. g5 Nh5 25. Bh2 Qh3 26. Bg2 Qh4 27. Bxc7 Qg4 28. Re1 Rxe1+ 29.
Qxe1 Qxc4 30. d6 Nf4 31. d7 Ne2+ 32. Qxe2 Qxe2 33. d8=Q+ Kh7 34. Bg3 Qxa2 35. Qd5 Qb1+ 36. Kh2 Kg8 37. Qc4 Qf5 38. f4 a5 39. Be4 Qd7 40.
Bxg6 b5 41. Bxf7+ Qxf7 42. Qxb5 Qa2+ 43. Kh3 Qd2 44. Qe8+ Kh7 45. Qh5+ Kg8 46. f5 Qd7 47. Qg6 a4 48. Qe6+ Qxe6 49. fxe6 Kf8 50. Bd6+ Ke8 51. Kg4 g6 52. Kf4 Kd8 53. Ke5 Ke8 54. Kf6 1-0

[Event "*** Titled Tuesday Blitz"]
[Site "Chess.com"]
[Date "2021.02.02"]
[Round "1"]
[White "zeitnot2006"]
[Black "ZenBull"]
[Result "1-0"]
[WhiteElo "2556"]
[BlackElo "2240"]
[TimeControl "180+1"]
[EndTime "10:07:41 PST"]
[Termination "zeitnot2006 won by resignation"]

1. e4 c5 2. Nf3 e6 3. b3 b6 4. Bb2 Bb7 5. Qe2 d6 6. g3 Nf6 7. d3 Nbd7 8. Bg2 Be7 9. O-O Qc7 10. Nbd2 O-O 11. a4 Rfd8 12. Nc4 Nf8 13. h4 h6 14.
Rae1 N6d7 15. h5 Bf6 16. Bc1 a6 17. Bf4 Ne5 18. Nh2 Nxc4 19. bxc4 Bc6 20. Ng4 Bg5 21. Bxg5 hxg5 22. Qe3 Nh7 23. Ra1 Rab8 24. f4 gxf4 25. gxf4 Kh8 26. Kh1 Qe7 27. Qg3 Nf6 28. Nxf6 Qxf6 29.
Bf3 Qh6 30. Rg1 Ba8 31. Rg2 Rg8 32. Qg5 Qxg5 33. fxg5 Bc6 34. Rf2 Rgf8 35. Bg4 Kg8 36. Kh2 Rb7 37. Kg3 Rd8 38. g6 Be8 39. Rh1 e5 40.
Bf5 fxg6 41. hxg6 Bd7 42. Rfh2 Kf8 43. Rh8+ Ke7 44. R1h7 Kf6 45. Kg4 Bxf5+ 46. exf5 Rxh8 47. Rxh8 b5 48. Rf8+ Ke7 49. Rf7+ Kd8 50. Rxb7 bxa4 51. Rb6 a3 52. Rxa6 1-0

[Event "*** Titled Tuesday Blitz"]
[Site "Chess.com"]
[Date "2021.02.02"]
[Round "1"]
[White "Pantata007"]
[Black "klimkoj"]
[Result "0-1"]
[WhiteElo "2251"]
[BlackElo "2563"]
[TimeControl "180+1"]
[EndTime "10:07:42 PST"]
[Termination "klimkoj won on time"]

1. d4 Nf6 2. c4 e6 3. Nc3 Bb4 4. e3 b6 5. Ne2 Bb7 6. a3 Be7 7.
d5 O-O 8. e4 d6 9. Ng3 e5 10.
Be2 a5 11. O-O Na6 12. Be3 Nd7 13. Rb1 g6 14. b4 axb4 15. axb4 Bg5 16. Qd2 Bxe3 17.
Qxe3 Kg7 18. Bg4 Qe7 19. Nb5 Kh8 20. Rfc1 Nf6 21. Be2 Bc8 22. h3 Bd7 23. Qd2 Bxb5 24.
cxb5 Nb8 25. Rb3 Ne8 26. Rbc3 Nd7 27. Rxc7 Nxc7 28. Rxc7 Rfc8 29. Qc2 Qd8 30. Rxc8 Rxc8 31. Qd2 Qc7 32. Nf1 Kg7 33. Qe3 h6 34. Qf3 Nf6 35.
Ne3 Qc3 36. Kh2 Qxb4 37. g4 Qxe4 38. Ng2 Qxf3 39. Bxf3 Rc5 40. Be2 Nxd5 41. Ne3 Nf4 42. Kg3 Nxe2+ 0-1

[Event "*** Titled Tuesday Blitz"]
[Site "Chess.com"]
[Date "2021.02.02"]
[Round "1"]
[White "Yaryi_sergey"]
[Black "PattyCastillo"]
[Result "1-0"]
[WhiteElo "2496"]
[BlackElo "2044"]
[TimeControl "180+1"]
[EndTime "10:07:44 PST"]
[Termination "Yaryi_sergey won on time"]

1. e4 c5 2. d3 d6 3. Nc3 Nf6 4. g3 g6 5. Bg2 Bg7 6. Nge2 O-O 7. O-O Nc6 8. h3 Rb8 9. a4 a6 10. Nd5 b5 11. axb5 axb5 12. c3 b4 13. Bd2 bxc3 14.
bxc3 Bd7 15. Qc2 e6 16. Ne3 Qc7 17. Rfb1 Rfc8 18. f4 Ne7 19. Rxb8 Rxb8 20. Rb1 Rxb1+ 21. Qxb1 Bc6 22. Qa2 h6 23. g4 Qb7 24. c4 g5 25.
fxg5 hxg5 26. Nd1 Nh7 27. Bc3 Ng6 28. Qb2 Qxb2 29. Bxb2 Bxb2 30. Nxb2 Nh4 31. Nc3 Nf8 32. Bh1 Nfg6 33. Ncd1 Nf4 34. Nf2 Ne2+ 35. Kh2 Nd4 36.
Nbd1 Kg7 37. Ne3 Kf6 38. e5+ Kxe5 39. Bxc6 Nxc6 40. Kg3 Nd4 41. Ne4 f6 42. Nf2 Ne2+ 43.
Kh2 Nf4 44. Nc2 Nf3+ 45. Kg3 Nh4 46. Ne4 Ne2+ 47. Kh2 Nf4 48. Nf2 Ne2 49. d4+ cxd4 50. Nd3+ Ke4 51. c5 dxc5 52. Nxc5+ Kd5 53. Nd7 d3 54.
Nxf6+ Kc4 55. Ne3+ Kc3 56. Ne4+ Kb2 57. Nxg5 1-0

[Event "*** Titled Tuesday Blitz"]
[Site "Chess.com"]
[Date "2021.02.02"]
[Round "1"]
[White "Chamal_Gedgafov"]
[Black "Shahaliyev"]
[Result "0-1"]
[WhiteElo "2382"]
[BlackElo "2724"]
[TimeControl "180+1"]
[EndTime "10:07:45 PST"]
[Termination "Shahaliyev won on time"]

1. e4 c5 2. Nf3 Nc6 3. d4 cxd4 4. Nxd4 e6 5. Nc3 Qc7 6. a3 a6 7. g3 Nf6 8. Bg2 Nxd4 9. Qxd4 Bc5 10. Qd3 Ng4 11.
O-O h5 12. h3 Ne5 13. Qe2 b5 14. Bf4 Bb7 15. Rad1 f6 16. Kh2 g5 17. Bxe5 fxe5 18. Kg1 h4 19. Kh2 O-O-O 20. Bf3 Rdf8 21. Bg4 Kb8 22. Kg2 Bd4 23. Rd3 Rf6 24. gxh4 Rxh4 25. f3 Qc6 26. Nd1 Rh8 27. c3 Bb6 28. Ne3 Rhf8 29. Rfd1 R6f7 30. b4 Qc7 31. Rc1 Bc6 32. c4 Qb7 33. Nd5 bxc4 34. Rd2 exd5 35. exd5 Bxd5 36.
Qxe5+ Bc7 37. Qxd5 Bf4 38. Rxc4 Bxd2 39. Qxd2 Rxf3 40. Bxf3 Qxf3+ 41. Kh2 Qf6 42. Qd4 Qe6 0-1

[Event "*** Titled Tuesday Blitz"]
[Site "Chess.com"]
[Date "2021.02.02"]
[Round "1"]
[White "TokChess"]
[Black "rasmussvane"]
[Result "1/2-1/2"]
[WhiteElo "2458"]
[BlackElo "2863"]
[TimeControl "180+1"]
[EndTime "10:07:48 PST"]
[Termination "Game drawn by repetition"]

1. Nf3 d5 2. g3 g6 3. Bg2 Bg7 4. d4 Nf6 5. O-O O-O 6. Nbd2 a5 7. c4 a4 8. cxd5 Nxd5 9. Qc2 Nc6 10. a3 Nb6 11. e3 Bf5 12. Ne4 e5 13. Nh4 Bxe4 14.
Bxe4 exd4 15. Bxc6 bxc6 16. Rd1 Qd5 17. exd4 Rfd8 18.
Ng2 Bxd4 19. Be3 c5 20. Bxd4 cxd4 21. Qxc7 Nc4 22. Nf4 Qb5 23. Rac1 Rac8 24. Qe7 Nxb2 25. Rxc8 Rxc8 26. Rxd4 h5 27. Rd8+ Rxd8 28. Qxd8+ Kh7 29.
Qf6 Qb3 30. Nh3 Kg8 31. Ng5 Nd3 32. Qd8+ Kg7 33. Qd4+ f6 34. Qd7+ Kh6 35. Nf7+ Kg7 36. Ne5+ Kh6 37. Nf7+ Kg7 38. Ne5+ Kh6 39. Nxd3 Qxa3 40.
Nf4 g5 41. Nd5 Qa1+ 42. Kg2 Qd4 43. Qf5 a3 44. Ne7 Kg7 45. Qg6+ Kf8 46. Nf5 Qe4+ 47. Kg1 Qb1+ 48. Kg2 Qe4+ 49. Kg1 Qb1+ 50. Kg2 Qe4+ 1/2-1/2